 Dungeon Crawl Stone Soup version 0.30-b1-2-g02819fbbbe (webtiles) character file.

Game seed: 16281382670353486993

488 Alarkh the Ruffian (level 6, -15/76 HPs)
             Began as a Demonspawn Chaos Knight on May 20, 2023.
             Was a Plaything of Xom.
             Demolished by a cane toad (shapeshifter) (21 damage)
             ... on level 4 of the Dungeon.
             The game lasted 00:06:01 (2996 turns).

Alarkh the Ruffian (Demonspawn Chaos Knight)        Turns: 2996, Time: 00:06:02

Health: -15/76     AC: 23    Str: 13    XL:     6   Next: 90%
Magic:  6/6        EV:  2    Int: 15    God:    Xom [.*....]
Gold:   222        SH:  0    Dex: 12    Spells: 5/5 levels left

rFire   . .          .
                       - Unarmed
rCold   . . .        (no shield)
rNeg    . . .        a - melded +2 leather armour
rPois   +            (helmet currently unavailable)
rElec   .            d - melded scarf {shadows}
rCorr   .            e - melded +0 pair of gloves
SInv    .            u - melded +0 pair of boots
Will    .....        (no amulet)
Stlth   +            (no ring)
HPRegen 0.32/turn    (no ring)
MPRegen 0.10/turn

%: no passive effects
@: tree-form
A: stationary, stasis, torment immunity, boosted hp, (claws 1), demonic guardian
1, powered by death 2, screaming 1, (teleportitis 1)
a: Renounce Religion


You were on level 4 of the Dungeon.
You worshipped Xom.
You were a plaything of Xom.
You were a tree.
You visited 1 branch of the dungeon, and saw 4 of its levels.

You collected 222 gold pieces.

Inventory:

Armour
 a - a +2 leather armour (melded)
 d - a scarf of shadows (melded)
 e - a +0 pair of gloves (melded)
 u - a +0 pair of boots (melded)
Magical Staves
 q - a staff of conjuration
Wands
 f - a wand of quicksilver (13)
Scrolls
 c - 5 scrolls of magic mapping {unknown}
 g - a scroll of noise {unknown}
 i - a scroll of fear
 j - a scroll of immolation
 k - a scroll of enchant weapon {unknown}
 l - a scroll of butterflies {unknown}
 m - a scroll of fog {unknown}
 o - a scroll of enchant armour {unknown}
 r - a scroll of identify
 v - a scroll of teleportation {unknown}
Potions
 h - a potion of lignification
 n - a potion of attraction
 p - a potion of curing
 s - a potion of flight {unknown}
 t - 2 potions of cancellation {unknown}
Miscellaneous
 b - a piece from Xom's chessboard (10/15) (quivered)


   Skills:
 + Level 5.1 Fighting
 - Level 1.7 Armour
 + Level 0.8 Dodging
 * Level 6.0 Unarmed Combat


You had 5 spell levels left.
You didn't know any spells.
Your spell library was empty.

Dungeon Overview and Level Annotations

Branches:
Dungeon (4/15)
 Temple: D:4-7

Altars:
Dithmenos
Fedhas
Gozag
Makhleb
Sif Muna
Trog
Uskayaw

Annotations:
D:4 1 runed translucent door, Shym's ghost, amateur FeTm


Innate Abilities, Weirdness & Mutations

You are a tree.
Your roots penetrate the ground, keeping you stationary.
You cannot be teleported.
You are immune to unholy pain and torment.
Your maximum health is greatly increased.
Your equipment is partially melded.
((You have sharp fingernails.))
A weak demonic guardian rushes to your aid.
You regenerate health from kills.
You occasionally shout uncontrollably at your foes.
((You are occasionally teleported next to monsters.))


Message History

The helpless cane toad fails to defend itself.
You punch the cane toad!
The cane toad is severely wounded.
You feel sick.
The helpless cane toad fails to defend itself.
You hit the cane toad but do no damage.
The cane toad is severely wounded.
You feel sick.
The helpless cane toad fails to defend itself.
You hit the cane toad but do no damage.
The cane toad is severely wounded.
You feel sick.
The helpless cane toad fails to defend itself.
You punch the cane toad! You punch the cane toad.
The cane toad is almost dead.
You feel sick.
You are no longer poisoned.
The helpless cane toad fails to defend itself.
You hit the cane toad but do no damage.
The cane toad is almost dead.
The helpless cane toad fails to defend itself.
You hit the cane toad.
The cane toad is almost dead.
The helpless cane toad fails to defend itself.
You punch the cane toad!
The cane toad is almost dead.
The cane toad is no longer petrified.
The cane toad stings you!!
* * * LOW HITPOINT WARNING * * *
A demonic guardian appears!
Okay, then.
Really quaff the potion of lignification?
You turn into a tree.
Your scarf of shadows melds into your body.
Your +0 pair of gloves melds into your body.
Your +0 pair of boots melds into your body.
Your +2 leather armour melds into your body.
The dungeon's light returns to normal.
Your roots penetrate the ground.
The cane toad stings you!!
You die...
Xom howls with laughter!

~~ ,,,,*##..........###)....#
#. *~* *~~
,,........>..'.......# #Y
~~~~*♣♣~ ~#..........###.....#
#. ~ ~~~~~♣~*#.#....)†.##
#.#.#.###.
~P≈~~~~P~♣♣.##.....##
#.........
≈≈≈~~~PP~♣P~##....##
#####.#### ≈≈≈≈≈P~~~~~P♣#.#'##
#.# ≈≈≈≈≈~~~~~~~~..#.# #.#
≈≈~≈P~~P~~~~~###♣# #.#
≈≈≈~~♣~~~~♣5####F## #.#
≈~≈~~~♣~~♣5####.5.## #.#
~~~~~~~P♣♣♣###.....# #Y#
P~~~♣~♣~P~.........# #.#
~♣♣~~♣♣♣##.#####.#.#########.#
♣♣~♣.........................#
##############################


You could see a cane toad shaped shifter (strong, ally target) and a friendly
ufetubus (summoned).

Vanquished Creatures
  Jessica (D:3)
  4 adders
  5 gnolls
  2 worms
  3 dart slugs
  3 orcs (D:3)
  5 bats
  4 endoplasms
  7 giant cockroaches
  7 goblins
  2 hobgoblins
  6 quokkas
  A ball python (D:3)
  2 frilled lizards (D:2)
  5 kobolds
  4 rats
61 creatures vanquished.

Vanquished Creatures (collateral kills)
  Sigmund (D:3)
  An ogre (D:4)
  A hound (D:4)
  3 gnolls (D:3)
  2 endoplasms
  A giant cockroach (D:4)
  A hobgoblin (D:4)
10 creatures vanquished.

Grand Total: 71 creatures vanquished

Notes
Turn   | Place    | Note
-------+----------+-------------------------------------------
     0 | D:1      | Alarkh the Demonspawn Chaos Knight began the quest for the
                  | Orb.
     0 | D:1      | Reached XP level 1. HP: 18/18 MP: 1/1
   103 | D:1      | Reached skill level 3 in Unarmed Combat
   162 | D:1      | Gained mutation: You regenerate a little health from kills.
                  | [demonic ancestry]
   162 | D:1      | Reached XP level 2. HP: 22/24 MP: 2/2
   222 | D:1      | XOM: divination: detect creatures
   354 | D:1      | XOM: give mutation
   354 | D:1      | Gained mutation: You are occasionally teleported next to
                  | monsters. [Xom's mischief]
   478 | D:1      | XOM: stat loss: -1 Int (12/13)
   789 | D:2      | Reached XP level 3. HP: 23/29 MP: 3/3
   883 | D:2      | XOM: 4-stop teleportation journey
   932 | D:2      | XOM: torment (16/29 hp)
  1155 | D:2      | XOM: give mutation
  1155 | D:2      | Gained mutation: You occasionally shout uncontrollably at
                  | your foes. [Xom's mischief]
  1176 | D:2      | XOM: stat loss: -1 Dex (11/12)
  1662 | D:3      | Reached skill level 4 in Unarmed Combat
  1662 | D:3      | Gained mutation: A weak demonic guardian rushes to your
                  | aid. [demonic ancestry]
  1662 | D:3      | Reached XP level 4. HP: 27/37 MP: 4/4
  1717 | D:3      | Noticed Jessica
  1744 | D:3      | XOM: smoke on damage
  1753 | D:3      | Killed Jessica
  1763 | D:3      | Gained mutation: You have sharp fingernails. [demonic
                  | ancestry]
  1763 | D:3      | Reached XP level 5. HP: 42/42 MP: 5/5
  1782 | D:3      | XOM: stat loss: -1 Int (14/15)
  1826 | D:3      | Found a burning altar of Makhleb.
  1860 | D:3      | Found a shimmering blue altar of Sif Muna.
  1982 | D:3      | Noticed Sigmund
  2016 | D:3      | Killed Sigmund
  2017 | D:3      | Reached skill level 5 in Unarmed Combat
  2017 | D:3      | Gained mutation: You regenerate health from kills. [demonic
                  | ancestry]
  2017 | D:3      | Reached XP level 6. HP: 26/49 MP: 6/6
  2133 | D:3      | XOM: summons 1 hostile demon
  2189 | D:3      | XOM: silly message
  2355 | D:3      | XOM: polymorph orc -> endoplasm
  2433 | D:4      | Found a hide-covered altar of Uskayaw.
  2449 | D:4      | Found a bloodstained altar of Trog.
  2510 | D:4      | Found a runed translucent door.
  2512 | D:4      | Noticed Shym's ghost (amateur FeTm)
  2550 | D:4      | Found a blossoming altar of Fedhas.
  2561 | D:4      | Found an opulent altar of Gozag.
  2689 | D:4      | XOM: divination: magic mapping
  2711 | D:4      | XOM: summons friendly white imp
  2833 | D:4      | XOM: smoke on damage
  2836 | D:4      | Reached skill level 5 in Fighting
  2836 | D:4      | Reached skill level 6 in Unarmed Combat
  2919 | D:4      | Found a shadowy altar of Dithmenos.
  2923 | D:4      | a scorpion changed into a shapeshifter
  2923 | D:4      | Noticed a shapeshifter (shapeshifter)
  2923 | D:4      | XOM: polymorph scorpion -> shapeshifter
  2923 | D:4      | a shapeshifter changed into a guardian serpent
  2923 | D:4      | Noticed a guardian serpent (shapeshifter)
  2945 | D:4      | Noticed a yak
  2953 | D:4      | a yak changed into something unseen
  2957 | D:4      | Noticed a yak
  2960 | D:4      | XOM: divination: magic mapping
  2967 | D:4      | a yak changed into a shapeshifter
  2967 | D:4      | Noticed a shapeshifter (shapeshifter)
  2967 | D:4      | XOM: polymorph yak -> shapeshifter
  2967 | D:4      | a shapeshifter changed into a cane toad
  2967 | D:4      | Noticed a cane toad (shapeshifter)
  2979 | D:4      | XOM: enchant monster (good)
  2982 | D:4      | XOM: enchant monster (bad)
  2996 | D:4      | Demolished by a cane toad (shapeshifter)

Illustrated notes

Levels and vault maps discovered:
D:1:      ncdulo_smallfort, layout_basic
D:2:      layout_loops_ring, kennysheep_big_empty_room
D:3:      layout_rooms, led_sif_pool, mainiacjoe_overflow_catwalk,
          minmay_pentomino_pile, uniq_jessica, uniq_sigmund
D:4:      layout_loops_corners, fedhas_altar_3,
          nicolae_dithmenos_through_a_glass_darkly, grunt_gozag_breadcrumbs,
          bloody_trog, eat_drink_and_be_merry_uskayaw,
          mainiacjoe_overflow_alcove_2, ebering_ghost_inner_flame,
          serial_bayou_lake_a

Skill      XL: |  1  2  3  4  5  6 |
---------------+-------------------+-----
Unarmed Combat | 3 4 5 6 |  6.0
Fighting       | 4 5 |  5.1
Armour         | |  1.7
Dodging        | |  0.8

Action                     |  1- 3 |  4- 6 || total
---------------------------+-------+-------++-------
  Melee: Unarmed           |   155 |   168 ||   323
         Punch             |     3 |     6 ||     9
  Evoke: Piece from Xom's  |       |    11 ||    11
         Wand              |       |     2 ||     2
    Use: Potion            |       |     4 ||     4
         Scroll            |       |     3 ||     3
   Stab: Sleeping          |     1 |       ||     1
         Petrified         |       |    13 ||    13
         Distracted        |       |     1 ||     1
 Armour: Leather armour    |    46 |    41 ||    87
         Skin              |       |     7 ||     7
  Dodge: Dodged            |    97 |    73 ||   170
